 Dungeon Crawl Stone Soup version 0.29.1-13-g9f3cf754e1 (webtiles) character file.

Game seed: 5620279107924875200

93 leafyfresh the Magician (level 4, -1/31 HPs)
             Began as a Djinni Ice Elementalist on Feb 3, 2023.
             Slain by an orc wizard
             ... wielding a +1 dagger of draining
              (2 damage)
             ... on level 3 of the Dungeon.
             The game lasted 00:04:19 (3633 turns).

leafyfresh the Magician (Djinni Ice Elementalist)   Turns: 3633, Time: 00:04:20

Health: -1/31      AC:  2    Str:  7    XL:     4   Next: 91%
Gold:   101        EV: 12    Int: 19    God:
                   SH:  0    Dex: 13

rFire   + + .      SeeInvis .   c - +0 short sword
rCold   x . .      Faith    .   (no shield)
rNeg    . . .      Spirit   .   a - +0 robe
rPois   ∞          Reflect  .   (no helmet)
rElec   .          Harm     .   (no cloak)
rCorr   .          Rampage  .   (no gloves)
Will    .....                   (boots unavailable)
Stlth   ++........              (no amulet)
HPRegen 0.10/turn               (no ring)
MPRegen 0.00/turn               (no ring)

@: flying, very slightly contaminated
A: sickness immunity, fire resistance 2, cold vulnerability 1, float, innate
caster, HP casting, extra vitality 1
a: no special abilities


You were on level 3 of the Dungeon.
You visited 1 branch of the dungeon, and saw 3 of its levels.

You collected 101 gold pieces.

Inventory:

Hand Weapons
 c - a +0 short sword (weapon)
 m - a +0 dagger of holy wrath
Armour
 a - a +0 robe (worn)
 b - an orb of mayhem
 l - a +0 tower shield
Scrolls
 e - a scroll of enchant weapon {unknown}
 f - 2 scrolls of identify {unknown}
 g - a scroll of enchant armour {unknown}
 j - a scroll of noise {unknown}
Potions
 d - 3 potions of might {unknown}
 h - a potion of degeneration {unknown}
 i - a potion of lignification {unknown}
 k - a potion of experience {unknown}
 n - a potion of magic {unknown}


   Skills:
 - Level 2.2 Dodging
 - Level 1.6 Stealth
 + Level 4.6 Spellcasting


You couldn't memorise any spells.
You knew the following spells:

 Your Spells              Type           Power      Damage    Failure   Level
a - Freeze                Ice            88%        1d10      1%          1
b - Frozen Ramparts       Ice            44%        1d7       6%          3
c - Ozocubu's Armour      Ice            22%        N/A       6%          3
d - Hailstorm             Conj/Ice       22%        3d7       19%         4
e - Foxfire               Conj/Fire      88%        2x1d8     1%          1
Your spell library was empty.

Dungeon Overview and Level Annotations

Branches:
Dungeon (3/15)

Altars:


Innate Abilities, Weirdness & Mutations

You are immune to sickness and miasma.
You are immune to poison.
Your flesh is very heat resistant. (rF++)
You are vulnerable to cold. (rC-)
You float through the air rather than walking.
You learn spells naturally, not from books.
Your magical power is your life essence.
You have superior vitality. (+4 MHP)


Message History

You barely miss something.
The wall freezes something.
Something hits you.
Your frozen ramparts will break if you move.
Continue?
You closely miss something.
The frozen ramparts melt away.
You feel less confused.
You hear some strange, mumbled words.
Something tries to affect you, but you resist.
You completely miss something. Something hits you. x2
* * * LOW HITPOINT WARNING * * *
There is a strange disturbance nearby!
There is a strange disturbance nearby!
There is a strange disturbance nearby!
There is a strange disturbance nearby!
Casting: Hailstorm (extremely dangerous; 19% risk of failure)
Confirm with . or Enter, or press ? or * to list all spells.
Casting: Frozen Ramparts (dangerous; 6% risk of failure)
Press: ? - help, Dir - look around, f - activate You miscast Frozen Ramparts.
You are very lightly contaminated with residual magic.
Nothing appears to happen.
* * * LOW HITPOINT WARNING * * *
You hear some strange, mumbled words.
A magic dart appears from out of thin air!
The magic dart hits you.
* * * LOW HITPOINT WARNING * * *
Casting: Frozen Ramparts (dangerous; 6% risk of failure)
Confirm with . or Enter, or press ? or * to list all spells.
You don't have enough health to cast this spell.
There is a strange disturbance nearby!
Unknown command.
Casting: Frozen Ramparts (dangerous; 6% risk of failure)
Confirm with . or Enter, or press ? or * to list all spells.
You can't see any susceptible monsters within range! (Use Z to cast anyway.)
Casting: Frozen Ramparts (dangerous; 6% risk of failure)
Confirm with . or Enter, or press ? or * to list all spells.
Aiming: Freeze (safe; 1% risk of failure)
Press: ? - help, Shift-Dir - straight line You freeze something!
* * * LOW HITPOINT WARNING * * *
Something hits you.
You die...

#.# ## #####.####### #.
..#.........# #.
##.#.#.#####.# ##.
...........##.# #..
.##..##.##.##.# #..
#.....##.##.#
#.)#####..#####.##.#
#.){@...()#####.##.#
......)##...........#..#
.##.##. #.......#####.##
# #. #......)# . #.
#......†# #. #.
#.......# #. #.......#
.. #.......# #########


There were no monsters in sight!

Vanquished Creatures
  3 adders
  A dart slug (D:2)
  4 orcs (D:3)
  4 ball pythons
  4 endoplasms
  3 giant cockroaches
  6 hobgoblins
  2 jackals (D:1)
  7 kobolds
  2 quokkas
  3 bats
  8 goblins
  4 rats
51 creatures vanquished.

Vanquished Creatures (others)
  7 foxfires
7 creatures vanquished.

Grand Total: 58 creatures vanquished

Notes
Turn   | Place    | Note
-------+----------+-------------------------------------------
     0 | D:1      | leafyfresh the Djinni Ice Elementalist began the quest for
                  | the Orb.
     0 | D:1      | leafyfresh set off with the following spells memorised:
                  | Freeze, Frozen Ramparts, Ozocubu's Armour, Hailstorm.
     0 | D:1      | Reached XP level 1. HP: 15/15 MP: 0/0
   655 | D:1      | Reached XP level 2. HP: 19/21 MP: 0/0
  1246 | D:1      | Reached XP level 3. HP: 22/25 MP: 0/0
  1246 | D:1      | Learned a level 1 spell: Foxfire
  1566 | D:1      | Reached skill level 4 in Spellcasting
  2097 | D:2      | Reached XP level 4. HP: 21/31 MP: 0/0
  2777 | D:2      | Found a faded altar of an unknown god.
  3633 | D:3      | Slain by an orc wizard

Illustrated notes

Levels and vault maps discovered:
D:1:      minmay_arrival_wavy_path, layout_basic,
          corexii_item_surrounded_by_moat, hex_intersection
D:2:      layout_loops_ring, ebering_ecumenical_altar_abandoned
D:3:      layout_loops_cross, mainiacjoe_overflow_catwalk_spiral

Skill      XL: |  1  2  3 |
---------------+----------+-----
Spellcasting   | 4 |  4.6
Dodging        | |  2.2
Stealth        | |  1.6

Action                   |  1- 3 |  4- 6 || total
-------------------------+-------+-------++-------
Melee: Short sword       |    40 |    75 ||   115
       Unarmed           |     2 |       ||     2
       Punch             |     1 |       ||     1
 Cast: Freeze            |    31 |     7 ||    38
       Foxfire           |     3 |     2 ||     5
       Frozen Ramparts   |     1 |     3 ||     4
       Hailstorm         |       |     1 ||     1
 Stab: Sleeping          |     2 |     1 ||     3
Armor: Robe              |    10 |    17 ||    27
Dodge: Dodged            |    40 |    55 ||    95
